 Dungeon Crawl Stone Soup version 0.24-a0-7-g1bb0902 (webtiles) character file.

Game seed: 6253303014082131732

194 Mgcat the Skirmisher (level 5, -15/50 HPs)
             Began as a Naga Fighter on Jan 30, 2019.
             Demolished by an ogre
             ... wielding a +0 giant spiked club
              (20 damage)
             ... on level 4 of the Dungeon.
             The game lasted 00:04:35 (2453 turns).

Mgcat the Skirmisher (Naga Fighter)                 Turns: 2453, Time: 00:04:36

Health: -15/50     AC:  6    Str: 20    XL:     5   Next: 73%
Magic:  5/5        EV:  5    Int:  8    God:
Gold:   137        SH:  9    Dex: 10    Spells: 4/4 levels left

rFire    . . .     SeeInvis +   a - +0 war axe
rCold    . . .     Gourm    .   c - +0 shield
rNeg     . . .     Faith    .   b - +0 scale mail
rPois    +         Spirit   .   (no helmet)
rElec    .         Reflect  .   g - +0 cloak
rCorr    .         Harm     .   (no gloves)
MR       .....                  (no barding)
Stlth    ..........             (no amulet)
HPRegen  0.16/turn              (no ring)
MPRegen  0.09/turn              (no ring)

@: short of breath, very slow
A: large, see invisible, deformed body, poison resistance, slowness 2, slow
metabolism 1, spit poison 1, AC +1
a: Spit Poison


You were on level 4 of the Dungeon.
You were not hungry.

You visited 1 branch of the dungeon, and saw 4 of its levels.

You collected 137 gold pieces.

Inventory:

Hand Weapons
 a - a +0 war axe (weapon)
Armour
 b - a +0 scale mail (worn)
 c - a +0 shield (worn)
 g - a +0 cloak (worn)
   (You found it on level 1 of the Dungeon)
Scrolls
 i - 4 scrolls of remove curse {unknown}
 j - 5 scrolls of teleportation {unknown}
 k - a scroll of random uselessness {unknown}
 l - a scroll of magic mapping {unknown}
 n - a scroll of identify {unknown}
 o - a scroll of enchant armour {unknown}
 p - 2 scrolls of fear {unknown}
 s - a scroll of noise {unknown}
Potions
 d - a potion of might
 e - 2 potions of flight {unknown}
 h - 2 potions of heal wounds {unknown}
 q - a potion of curing {unknown}
 r - 2 potions of magic {unknown}
Comestibles
 f - 10 rations
 m - 8 chunks of flesh {@w0}


   Skills:
 + Level 4.0 Fighting
 + Level 3.2 Axes
 + Level 3.3 Armour
 + Level 3.3 Shields


You had 4 spell levels left.
You didn't know any spells.
Your spell library was empty.

Dungeon Overview and Level Annotations

Branches:
Dungeon (4/15)
 Temple: D:4-7

Altars:
Okawaru


Innate Abilities, Weirdness & Mutations

You cannot wear boots.
Your serpentine skin is tough. (AC +1)
You have supernaturally acute eyesight. (SInv)
Armour fits poorly on your strangely shaped body.
Your system is resistant to poisons. (rPois)
You cover ground very slowly.
You have a slow metabolism.
You can spit poison.


Message History

You take 9 damage, and have 27/50 hp.
Warning x2: The orc wizard might cast Slow, Confuse, Throw Flame, or Throw Frost!
The orc priest can smite you!
You hit the orc wizard.
You kill the orc wizard!
You block the orc's attack.
You barely miss the orc.
You have got your breath back.
The orc closely misses you.
Spoiler Alert: The orc priest can smite you!
Unknown command.
Press: ? - help, Shift-Dir - straight line, f/p - orc priest
Aim: an orc priest, wielding a +0 falchion and wearing a +0 ring mail The splash of poison misses the orc.
The splash of poison hits the orc priest.
The orc priest is poisoned.
The orc priest is lightly wounded.
You feel slightly more hungry.
The orc priest looks encouraged for a moment.
You block the orc's attack.
Spoiler Alert: The orc priest can smite you!
You slash the orc!
You kill the orc!
The orc priest hits you but does no damage.
You barely miss the orc priest.
The orc priest is lightly wounded.
You block the orc priest's attack.
Spoiler Alert: The orc priest can smite you!
You slash the orc priest!
You kill the orc priest!
Your Fighting skill increases to level 4!
Items here: )))) [[[[ †††
Okay, then.
Unknown command.
Search for what [? for help]? armor && ego Can't find anything matching that.
Search for what [Enter for "armor && ego", or ? for help]? weapon && ego Unknown command.
Unknown command.
Unknown command.
You have got your breath back.
Key pressed, stopping explore.
Unknown command.
You regained 8 hp, and now have 36/50 hp.
Unknown command.
A frilled lizard comes into view.
You regained 4 hp, and now have 40/50 hp.
You barely miss the frilled lizard. You block the frilled lizard's attack.
The frilled lizard bites you but does no damage.
You miss the frilled lizard. The frilled lizard bites you.
You take 1 damage, and have 40/50 hp.
You slash the frilled lizard!
You kill the frilled lizard!
No target in view!
No target in view!
You butcher the frilled lizard corpse.
m - a chunk of flesh {@w0} You see here a frilled lizard skeleton. x2
You butcher the orc corpse.
m - 3 chunks of flesh {@w0} (gained 2)
You butcher the orc corpse.
m - 7 chunks of flesh {@w0} (gained 4)
You butcher the orc corpse.
m - 8 chunks of flesh {@w0} (gained 1)
Items here: )))) [[[[ ÷÷÷ x2
An ogre comes into view. It is wielding a +0 giant spiked club.
You regained 7 hp, and now have 47/50 hp.
Spoiler Alert: The ogre can hit for high damage in melee!
Press: ? - help, Shift-Dir - straight line, f - ogre
Aim: an ogre, wielding a +0 giant spiked club The splash of poison hits the ogre!
The ogre is poisoned.
The ogre is moderately wounded.
You feel slightly more hungry.
The ogre hits you with a +0 giant spiked club!!
You take 18 damage, and have 29/50 hp.
MASSIVE DAMAGE!!
Spoiler Alert: The ogre can hit for high damage in melee!
You hit the ogre.
The ogre is moderately wounded.
The ogre hits you with a +0 giant spiked club.
You take 1 damage, and have 28/50 hp.
You hit the ogre.
The ogre is heavily wounded.
You block the ogre's attack.
Spoiler Alert: The ogre can hit for high damage in melee!
Your shield prevents you from hitting the ogre.
The ogre is heavily wounded.
You have got your breath back.
The ogre hits you with a +0 giant spiked club!!
* * * LOW HITPOINT WARNING * * *
You take 23 damage, and have 5/50 hp.
MASSIVE DAMAGE!!
Spoiler Alert: The ogre can hit for high damage in melee!
Unknown command.
Unknown command.
Unknown command.
Press: ? - help, Shift-Dir - straight line, f/p - ogre
Aim: an ogre, wielding a +0 giant spiked club (heavily wounded, poisoned)
The splash of poison hits the ogre.
The ogre looks even sicker.
The ogre is severely wounded.
You feel slightly more hungry.
The ogre hits you with a +0 giant spiked club!!
You die...

......#... #...
.......... ...
.......... #..
#########..... ...
#.......#.#... #.#
#.####..#....÷ #.#
#.####..####.# #O#
#.#.......)..#
#@###.#.##..######
#.......##..#
#####.......#
#########


You could see an ogre.

Vanquished Creatures
  An orc wizard (D:4)
  An orc priest (D:4)
  5 adders
  An ooze (D:3)
  3 worms
  A dart slug (D:1)
  A leopard gecko (D:1)
  6 orcs
  A ball python (D:2)
  4 giant cockroaches
  7 goblins
  9 hobgoblins
  10 jackals
  4 kobolds
  A quokka (D:2)
  5 bats
  8 frilled lizards
  6 rats
74 creatures vanquished.

Notes
Turn   | Place    | Note
-------+----------+-------------------------------------------
     0 | D:1      | Mgcat the Naga Fighter began the quest for the Orb.
     0 | D:1      | Reached XP level 1. HP: 21/21 MP: 1/1
   195 | D:1      | Reached XP level 2. HP: 23/28 MP: 2/2
   396 | D:1      | Reached XP level 3. HP: 30/34 MP: 3/3
  1028 | D:2      | Found an iron altar of Okawaru.
  1229 | D:2      | Reached XP level 4. HP: 33/42 MP: 4/4
  1556 | D:3      | Reached skill level 3 in Armour
  1556 | D:3      | Reached skill level 3 in Shields
  1880 | D:3      | Reached skill level 3 in Axes
  1880 | D:3      | Reached XP level 5. HP: 45/50 MP: 5/5
  2333 | D:4      | Reached skill level 4 in Fighting
  2447 | D:4      | Noticed an ogre
  2452 | D:4      | HP: 5/50 [ogre/+0 giant spiked club (23)]
  2453 | D:4      | Demolished by an ogre

Vault maps used:
D:1:      dpeg_arrival_water_fire
D:2:      first_ration, okawaru_gym_becter
D:4:      old_standard_altar, uniq_crazy_yiuf_cottage

Skill      XL: |  1  2  3  4  5 |
---------------+----------------+-----
Armour         | 3 |  3.3
Shields        | 3 |  3.3
Axes           | 3 |  3.2
Fighting       | 4 |  4.0

Action                   |  1- 3 |  4- 6 || total
-------------------------+-------+-------++-------
Melee: War axe           |    99 |   126 ||   225
 Abil: Spit Poison       |     1 |    15 ||    16
  Eat: Chunk             |     1 |     4 ||     5
Armor: Scale mail        |    50 |    52 ||   102
Dodge: Dodged            |    24 |    26 ||    50
Block: Shield            |    48 |    79 ||   127

Table legend:
 A = Non-vault XP
 B = Vault XP
 C = Vault XP percentage of total XP
 D = Non-vault monster count
 E = Vault monster count
 F = Vault count percentage of total count
                 A         B        C        D         E       F
            +---------+---------+-------+---------+---------+-------
      Total |     278 |       0 |   0.0 |      74 |       0 |   0.0
            +---------+---------+-------+---------+---------+-------
        D:1 |      34 |       0 |   0.0 |      18 |       0 |   0.0
        D:2 |      57 |       0 |   0.0 |      25 |       0 |   0.0
        D:3 |     101 |       0 |   0.0 |      25 |       0 |   0.0
        D:4 |      86 |       0 |   0.0 |       6 |       0 |   0.0
            +---------+---------+-------+---------+---------+-------

Vault maps used:
D:1:      dpeg_arrival_water_fire
D:2:      first_ration, okawaru_gym_becter
D:4:      old_standard_altar, uniq_crazy_yiuf_cottage

Table legend:
 A = Turns spent in this place as a percentage of turns spent in the entire game.
 B = Non-inter-level travel turns spent in this place as a percentage of non-inter-level travel turns spent in the entire game.
 C = Inter-level travel turns spent in this place as a percentage of turns spent in this place.
 D = Turns resting spent in this place as a percentage of non-inter-level travel turns spent in this place.
 E = Turns spent auto-exploring this place as a percentage of non-inter-level travel turns spent in this place.
 F = Non-inter-level travel turns spent in this place divided by the number of levels of this place that you've seen.
                   A       B       C       D       E      F
               +-------+-------+-------+-------+-------+----------------------
         Total | 100.0 | 100.0 |   2.2 |   0.0 |  82.1 | 599.8
       Dungeon | 100.0 | 100.0 |   2.2 |   0.0 |  82.1 | 599.8
               +-------+-------+-------+-------+-------+----------------------

Table legend:
 A = Kills in this place as a percentage of kills in entire the game.
 B = Kills by you in this place as a percentage of kills by you in the entire game.
 C = Kills by friends in this place as a percentage of kills by friends in the entire game.
 D = Other kills in this place as a percentage of other kills in the entire game.
 E = Experience gained in this place as a percentage of experience gained in the entire game.
 F = Experience gained in this place divided by the number of levels of this place that you have seen.
                   A       B       C       D       E      F
               +-------+-------+-------+-------+-------+----------------------
         Total | 100.0 | 100.0 |   N/A |   N/A | 100.0 |  69.5
       Dungeon | 100.0 | 100.0 |   N/A |   N/A | 100.0 |  69.5
               +-------+-------+-------+-------+-------+----------------------
